 Dungeon Crawl Stone Soup version 0.29-a0-275-g389c0b56f3 (webtiles) character file.

Game seed: 530587039255483624

205 Keirns the Poker (level 5, -3/46 HPs)
             Began as a Draconian Berserker on Mar 11, 2022.
             Was a Believer of Trog.
             Slain by an orc
             ... wielding a +2 flail of venom
              (8 damage)
             ... on level 3 of the Dungeon.
             The game lasted 00:14:06 (1099 turns).

Keirns the Poker (Draconian Berserker)              Turns: 1099, Time: 00:14:07

Health: -3/46      AC:  5    Str: 27    XL:     5   Next: 52%
Magic:  5/5        EV: 12    Int:  7    God:    Trog [**....]
Gold:   120        SH:  0    Dex: 11    Spells: 4/4 levels left

rFire   . . .      SeeInvis .   e - +10 whip "Jicvomagh" {freeze, Contam Str+6}
rCold   . . .      Faith    .   (no shield)
rNeg    . . .      Spirit   .   (body armour unavailable)
rPois   .          Reflect  .   (helmet restricted)
rElec   .          Harm     .   (no cloak)
rCorr   .          Rampage  .   (no gloves)
Will    .....                   (no boots)
Stlth   +.........              (no amulet)
HPRegen 0.15/turn               (no ring)
MPRegen 0.09/turn               (no ring)

@: lethally poisoned (-3 -> -11)
A: AC +5, unfitting armour, cold-blooded
a: Renounce Religion, Berserk, Trog's Hand


You were on level 3 of the Dungeon.
You worshipped Trog.
Trog was pleased with you.
You visited 1 branch of the dungeon, and saw 3 of its levels.

You collected 120 gold pieces.

Inventory:

Hand Weapons
 a - a +0 spear
 b - a +0 hand axe
 e - the +10 whip "Jicvomagh" (weapon) {freeze, Contam Str+6}
   (You found it on level 2 of the Dungeon)

   It freezes those it strikes, dealing additional cold damage.
   It can also slow down cold-blooded creatures.
   Str:       It affects your strength (+6).
   Contam:    It causes magical contamination when unequipped.
Armour
 d - a +0 helmet
 f - a +0 ring mail
Scrolls
 c - a scroll of teleportation
 h - 2 scrolls of amnesia (quivered)
 i - a scroll of fear
 k - 2 scrolls of blinking {unknown}
Potions
 g - a potion of experience {unknown}
 j - a potion of curing {unknown}
 l - a potion of mutation {unknown}


   Skills:
 + Level 4.2 Fighting
 + Level 0.8 Maces & Flails
 + Level 4.8 Polearms
 + Level 3.5 Dodging
 + Level 1.0 Stealth


You had 4 spell levels left.
You didn't know any spells.
Your spell library was empty.

Dungeon Overview and Level Annotations

Branches:
Dungeon (3/15)

Altars:
Wu Jian


Innate Abilities, Weirdness & Mutations

Your plain brown scales are hard. (AC +5)
You cannot fit into any form of body armour.
You are cold-blooded and may be slowed by cold attacks.


Message History

You bump into the rock wall.
The orc hits you with a +2 flail of holy wrath.
You whack the orc! You freeze the orc.
You kill the orc!
Trog accepts your kill.
You hear some strange, mumbled words.
You are more confused.
Something hits you.
You hear some strange, mumbled words.
A puff of flame appears from out of thin air!
The puff of flame misses you.
A hobgoblin comes into view.
You hear some strange, mumbled words.
Something tries to affect you, but you resist.
You see here 4 poisoned darts.
You feel less confused. Something hits you.
You hit something but do no damage.
Your tail-slap misses something.
Something hits you but does no damage.
You miss something.
The orc hits you with a +2 flail of venom.
Something hits you but does no damage.
You miss something. The orc closely misses you. Something hits you.
You closely miss something.
Your tail-slap misses something.
The orc closely misses you.
You hear some strange, mumbled words.
A magic dart appears from out of thin air!
The magic dart hits you.
* * * LOW HITPOINT WARNING * * *
You miss something.
Your tail-slap misses something.
The orc hits you but does no damage. Something hits you.
* * * LOW HITPOINT WARNING * * *
You miss something. The orc hits you but does no damage.
You are lethally poisoned!
Something hits you but does no damage.
You hit something. You freeze something.
Your tail-slap misses something.
* * * LOW HITPOINT WARNING * * *
You feel very sick.
The orc hits you with a +2 flail of venom!
You die...

##################
.................#
######..#.#.#..#.#
#........##.#
##.#.#.#.##.# #.......##.#
#######.#o#.#.##.######.##
#.......g{@(.......†......
+...)..>########.######.##
#...#.#.# #...#
+...###)#.# #.#.####.# ###
#.#.# #........# #.#.#
#.#.###### #.#.# #.#.#
#)#.# #.#.# #.#.#
#.#.#######


You could see an orc and a hobgoblin.

Vanquished Creatures
  A scorpion (D:3)
  An iguana (D:3)
  Natasha (twice) (D:2)
  2 adders (D:2)
  2 worms
  A dart slug (D:1)
  2 orcs (D:3)
  5 ball pythons
  3 bats
  3 endoplasms (D:1)
  3 giant cockroaches
  9 goblins
  3 hobgoblins
  A jackal (D:1)
  A kobold (D:2)
  2 frilled lizards
  2 rats
43 creatures vanquished.

Notes
Turn   | Place    | Note
-------+----------+-------------------------------------------
     0 | D:1      | Keirns the Draconian Berserker began the quest for the Orb.
     0 | D:1      | Reached XP level 1. HP: 19/19 MP: 1/1
   336 | D:1      | Reached XP level 2. HP: 26/26 MP: 2/2
   549 | D:2      | Reached ** piety under Trog
   550 | D:2      | Reached XP level 3. HP: 12/33 MP: 3/3
   684 | D:2      | Found an ornate altar of the Wu Jian Council.
   684 | D:2      | Noticed Natasha
   693 | D:2      | Killed Natasha
   757 | D:2      | Identified the +10 whip "Jicvomagh" {freeze, Contam Str+6}
   842 | D:2      | Reached XP level 4. HP: 40/40 MP: 4/4
   853 | D:2      | Noticed Natasha
   855 | D:2      | Killed Natasha
  1030 | D:3      | Reached XP level 5. HP: 43/46 MP: 5/5
  1045 | D:3      | Reached skill level 1 in Stealth
  1099 | D:3      | Slain by an orc

Illustrated notes

Levels and vault maps discovered:
D:1:      minmay_arrival_widening_spiral_wide, layout_loops_ring,
          hellmonk_ecumenical_altar_run_dry, serial_bayou_crossing
D:2:      layout_basic, basic_altar, uniq_natasha
D:3:      layout_basic, serial_glass, glass_columns_b, glass_columns_b,
          uniq_crazy_yiuf_cottage, uniq_jessica

Skill      XL: |  1  2  3  4  5 |
---------------+----------------+-----
Dodging        | 3 |  3.5
Polearms       | 4 |  4.8
Fighting       | 4 |  4.2
Stealth        | 1 |  1.0
Maces & Flails | |  0.8

Action                   |  1- 3 |  4- 6 || total
-------------------------+-------+-------++-------
Melee: Spear             |   115 |       ||   115
       Tailslap          |     8 |     1 ||     9
       Whip              |     1 |    35 ||    36
       Punch             |       |     1 ||     1
Invok: Berserk           |     1 |       ||     1
       Trog's Hand       |     1 |       ||     1
  Use: Scroll            |     3 |       ||     3
       Potion            |     2 |       ||     2
 Stab: Sleeping          |       |     1 ||     1
Armor: Skin              |    46 |     9 ||    55
Dodge: Dodged            |    81 |    15 ||    96

Table legend: (Time is in decaauts)
 A = Elapsed time spent in this place.
 B = Non-inter-level travel time spent in this place.
 C = Inter-level travel time spent in this place.
 D = Time resting spent in this place.
 E = Time spent auto-exploring this place.
 F = Levels seen in this place.
 G = Mean time per level.
                   A        B        C        D        E       F      G
               +--------+--------+--------+--------+--------+-----+--------+
         Total |   1108 |   1108 |      0 |     28 |      0 |   3 |  369.3 |
       Dungeon |   1108 |   1108 |      0 |     28 |      0 |   3 |  369.3 |
               +--------+--------+--------+--------+--------+-----+--------+

Top non-repeatable levels by time:
     D:1: 545 daAuts
     D:2: 457 daAuts
     D:3: 105 daAuts
